 Dungeon Sprint DCSS version 0.29-a0-972-g43c84944fd (webtiles) character file.

Game seed: 11537564277144275470

232 Conn the Arsonist (level 6, 0/36 HPs)
             Began as an Octopode Fire Elementalist on July 31, 2022.
             Succumbed to a scorpion's poison
             ... in the Dungeon (Sprint II: "The Violet Keep of Menkaure").
             The game lasted 00:02:39 (103 turns).

Conn the Arsonist (Octopode Fire Elementalist)       Turns: 103, Time: 00:02:40

Health: 0/36       AC:  1    Str:  7    XL:     6   Next: 4%
Magic:  5/13       EV: 14    Int: 19    God:
Gold:   0          SH:  0    Dex: 13    Spells: 6/15 levels left

rFire   . . .      SeeInvis .     - Unarmed
rCold   . . .      Faith    .   (no shield)
rNeg    . . .      Spirit   .   (helmet restricted)
rPois   .          Reflect  .   (no amulet)
rElec   .          Harm     .   (no ring)
rCorr   .          Rampage  .   (no ring)
Will    .....      NoTele   +   (no ring)
Stlth   ++++......              (no ring)
HPRegen 0.12/turn               (no ring)
MPRegen 0.13/turn               (no ring)
                                (no ring)
                                (no ring)

@: lethally poisoned (0 -> -11)
A: almost no armour, amphibious, 8 rings, camouflage 1, gelatinous body 1,
(nimble swimmer 1), tentacles
a: no special abilities


You were in the Dungeon.
You visited 1 branch

Inventory:

Scrolls
 f - a scroll of blinking
Potions
 a - 3 potions of magic


   Skills:
 + Level 4.5 Dodging
 + Level 5.7 Stealth
 + Level 2.1 Unarmed Combat
 + Level 5.3 Spellcasting
 + Level 1.8 Conjurations
 + Level 9.1 Fire Magic


You had 6 spell levels left.
You knew the following spells:

 Your Spells              Type           Power      Damage    Failure   Level
a - Foxfire               Conj/Fire      100%       2x1d9     1%          1
b - Conjure Flame         Conj/Fire      25%        6-21      3%          3
c - Inner Flame           Hex/Fire       22%        N/A       5%          3
e - Scorch                Fire           78%        2d8       1%          2

Your spell library contained the following spells:

 Spells                   Type           Power      Damage    Failure   Level
 Flame Wave               Conj/Fire      25%        2d8       13%         4


Dungeon Overview and Level Annotations

Branches:
Dungeon (1/1)

Altars:


Innate Abilities, Weirdness & Mutations

You cannot wear most types of armour.
You are amphibious.
You can wear up to eight rings at the same time.
Your skin changes colour to match your surroundings (Stealth+).
Your rubbery body absorbs attacks. (AC +1, EV +1)
((You are camouflaged when in or above water. (Stealth+)))
You have tentacles for arms and can constrict up to eight enemies at once.


Message History

The scorpion poisons you!
* * * LOW HITPOINT WARNING * * *
You feel very sick.
Unknown command.
You feel much better.
You feel very sick. The scorpion stings you.
Casting: Inner Flame (quite dangerous; 9% risk of failure)
Confirm with . or Enter, or press ? or * to list all spells.
You conjure some foxfire!
You feel very sick. The scorpion closely misses you.
The scorpion attacks as you move away! The scorpion stings you.
* * * LOW HITPOINT WARNING * * *
You are more poisoned.
The scorpion poisons you!
* * * LOW HITPOINT WARNING * * *
You feel very sick.
The scorpion is no longer more vulnerable to fire.
The foxfire hits the scorpion.
Flame seeps out of the scorpion.
The scorpion is severely wounded.
The foxfire hits the scorpion.
Flame seeps out of the scorpion.
The scorpion is severely wounded.
The scorpion is engulfed in blazing flames.
The scorpion explodes!
The fiery explosion engulfs the scorpion!!
You kill the scorpion!
Your Dodging skill increases to level 4!
Your Stealth skill increases to level 5!
Your Unarmed Combat skill increases to level 2!
Your Spellcasting skill increases to level 5!
Your Fire Magic skill gained 2 levels and is now at level 9!
You have reached level 5!
You feel agile.
You have reached level 6!
There is a lethal amount of poison in your body!
Okay, then.
* * * LOW HITPOINT WARNING * * *
You feel very sick.
You die...

## ## l# #l #
.#$ # ##. #+#
.##
#.B.##.##.m.#
#+.<.+.#
#.B$##@##...#
##. #°# .## #
#§# # #..#..#
##. .## ## ##


There were no monsters in sight!

Vanquished Creatures
  4 scorpions (D)
4 creatures vanquished.

Vanquished Creatures (others)
  Menkaure (D)
  2 foxfires (D)
3 creatures vanquished.

Grand Total: 7 creatures vanquished

Notes
Turn   | Place    | Note
-------+----------+-------------------------------------------
     0 | D        | Conn the Octopode Fire Elementalist began the quest for the
                  | Orb.
     0 | D        | Reached XP level 1. HP: 11/11 MP: 3/3
     1 | D        | Noticed a boulder beetle
     1 | D        | Noticed a boulder beetle
     4 | D        | Noticed a wyvern
     4 | D        | Noticed a wyvern
     7 | D        | Noticed a merfolk siren
    10 | D        | Noticed a scorpion
    10 | D        | Noticed a scorpion
    17 | D        | Killed a scorpion
    18 | D        | Reached skill level 6 in Fire Magic
    18 | D        | Reached XP level 2. HP: 5/17 MP: 4/6
    18 | D        | Reached XP level 3. HP: 7/21 MP: 4/7
    20 | D        | Killed Menkaure
    21 | D        | Killed a scorpion
    22 | D        | Reached skill level 1 in Unarmed Combat
    22 | D        | Reached skill level 7 in Fire Magic
    22 | D        | Reached XP level 4. HP: 5/27 MP: 5/10
    25 | D        | HP: 1/27 [poisoned by a scorpion]
    30 | D        | Learned a level 2 spell: Scorch
    34 | D        | Learned a level 3 spell: Conjure Flame
    38 | D        | Learned a level 3 spell: Inner Flame
    41 | D        | Noticed a scorpion
    41 | D        | Noticed a scorpion
    98 | D        | HP: 1/27 [poisoned by a scorpion]
   101 | D        | Killed a scorpion
   101 | D        | Killed a scorpion
   102 | D        | Reached skill level 5 in Stealth
   102 | D        | Reached skill level 5 in Spellcasting
   102 | D        | Reached skill level 9 in Fire Magic
   102 | D        | Reached XP level 5. HP: 4/31 MP: 4/12
   102 | D        | Reached XP level 6. HP: 5/36 MP: 4/13
   103 | D        | Succumbed to a scorpion's poison

Illustrated notes

Levels and vault maps discovered:
D:        the_violet_keep_of_menkaure [sprint2_stairs_cluster_1,
          sprint2_shoproom, sprint2_temple, sprint2_basic_supplies,
          sprint2_obstacle_5, sprint2_obstacle_7, sprint2_obstacle_6,
          sprint2_obstacle_4, sprint2_obstacle_1, sprint2_timed_cluster_1,
          sprint2_smallroom_cluster_1, sprint2_smallroom_final_cluster_1,
          sprint2_transparent_cluster_1, sprint2_second_timed_cluster_1,
          sprint2_sniper_area_1, sprint2_heavy_combat_area_1,
          sprint2_mutation_trap_area_1, sprint2_forest_area_1,
          sprint2_light_combat_area_1, sprint2_behind_water_1,
          sprint2_near_end_vault_1]

Skill      XL: |  1  2  3  4 |
---------------+-------------+-----
Dodging        | 3 4 |  4.5
Stealth        | 4 5 |  5.7
Spellcasting   | 3 4 5 |  5.3
Fire Magic     | 6 7 9 |  9.1
Unarmed Combat | 1 2 |  2.1
Conjurations   | |  1.8

Action                   |  1- 3 |  4- 6 || total
-------------------------+-------+-------++-------
Melee: Unarmed           |     9 |       ||     9
       Constrict         |     2 |       ||     2
       Tentacles         |     2 |       ||     2
       Punch             |     1 |       ||     1
 Cast: Conjure Flame     |       |     1 ||     1
       Inner Flame       |       |     1 ||     1
       Foxfire           |       |     1 ||     1
       Scorch            |       |     1 ||     1
  Use: Potion            |     2 |     2 ||     4
Armor: Skin              |       |     1 ||     1
Dodge: Dodged            |     5 |     1 ||     6

Table legend: (Time is in decaauts)
 A = Elapsed time spent in this place.
 B = Non-inter-level travel time spent in this place.
 C = Inter-level travel time spent in this place.
 D = Time resting spent in this place.
 E = Time spent auto-exploring this place.
 F = Levels seen in this place.
 G = Mean time per level.
                   A        B        C        D        E       F      G
               +--------+--------+--------+--------+--------+-----+--------+
         Total |     93 |     93 |      0 |     41 |      0 |   1 |   93.0 |
       Dungeon |     93 |     93 |      0 |     41 |      0 |   1 |   93.0 |
               +--------+--------+--------+--------+--------+-----+--------+

Top non-repeatable levels by time:
       D: 93 daAuts
